 Dungeon Crawl Stone Soup version 0.22-a0-570-g58866f5d57 (webtiles) character file.

192223 Ezendos the Brawler (level 17, -2/178 HPs)
             Began as a Troll Fighter on May 10, 2018.
             Was the Champion of Elyvilon.
             Slain by a naga warrior
             ... wielding a +0 halberd
              (19 damage)
             ... on level 4 of the Snake Pit on June 30, 2018.
             The game lasted 02:02:58 (33122 turns).

Ezendos the Brawler (Troll Fighter)                Turns: 33122, Time: 02:02:58

Health: -2/178     AC: 14    Str: 28    XL:     17   Next: 60%
Magic:  21/21      EV:  7    Int:  5    God:    Elyvilon [******]
Gold:   2271       SH: 32    Dex:  9    Spells: 16/16 levels left

rFire    + + .     SeeInvis .     - Unarmed
rCold    x . .     Gourm    +   L - +6 large shield of Crawling {+Fly rPois rCorr Int-4}
rNeg     . . .     Faith    .   R - +2 fire dragon scales
rPois    +         Spirit   .   D - +0 hat
rElec    +         Reflect  +   T - scarf {cloud immunity}
rCorr    +         Harm     .   (gloves unavailable)
MR       +....     Clarity  +   (boots unavailable)
Stlth    ..........             H - +5 amulet of reflection
HPRegen  0.79/turn              X - +4 ring of slaying
MPRegen  0.17/turn              O - +2 ring of slaying

@: lethally poisoned (-2 -> -2), slowed, constricted, very slow
A: large, unfitting armour, claws 3, hooves 1, clarity, fast metabolism 3,
gourmand, regeneration 1, shaggy fur 1, electricity resistance, tough skin 2
}: 1/15 runes: decaying
a: Lesser Healing, Heal Other, Purification, Greater Healing, Divine Vigour,
Divine Protection, Renounce Religion, Evoke Flight


You were on level 4 of the Snake Pit.
You worshipped Elyvilon.
Elyvilon was exalted by your worship.
You were very full.

You visited 6 branches of the dungeon, and saw 32 of its levels.
You also visited: Ossuary.

You collected 3215 gold pieces.
You spent 944 gold pieces at shops.

Inventory:

Missiles
 K - 21 large rocks (quivered)
Armour
 m - a +0 troll leather armour
 y - a +2 robe of magic resistance
 z - a +0 cloak
 D - a +0 hat (worn)
 L - the +6 large shield of Crawling (worn) {+Fly rPois rCorr Int-4}
   (You found it on level 6 of the Lair of Beasts)

   It affects your intelligence (-4).
   It protects you from poison.
   It lets you fly.
   It protects you from acid and corrosion.
 R - +2 fire dragon scales (worn)
 T - a scarf of cloud immunity (worn)
Jewellery
 b - an uncursed ring of positive energy
 G - a +3 ring of evasion
 H - a +5 amulet of reflection (around neck)
 O - a +2 ring of slaying (right claw)
 V - an uncursed ring of protection from cold
 X - a +4 ring of slaying (left claw)
Wands
 v - a wand of paralysis (26)
 w - a wand of polymorph (33)
 C - a wand of iceblast (25)
 J - a wand of disintegration (32)
 M - a wand of digging (32)
 N - a wand of acid (27)
 P - a wand of flame (100)
Scrolls
 a - 3 scrolls of amnesia
 e - 9 scrolls of enchant weapon
 h - 10 scrolls of teleportation
 i - 5 scrolls of blinking
 l - 16 scrolls of remove curse
 o - 6 scrolls of fear
 r - 7 scrolls of fog
 F - 4 scrolls of magic mapping
 I - 3 scrolls of vulnerability
 Q - a scroll of silence {unknown}
 S - 12 scrolls of identify
 U - 4 scrolls of holy word
 Y - a scroll of enchant armour
Potions
 c - 5 potions of might
 f - 2 potions of berserk rage
 g - 11 potions of heal wounds
 j - 8 potions of lignification
 k - a potion of cancellation {unknown}
 n - 2 potions of mutation
 p - 6 potions of flight
 q - 5 potions of agility
 s - 5 potions of ambrosia
 t - 12 potions of curing
 u - 4 potions of resistance
 x - 4 potions of magic
 A - 2 potions of invisibility
 B - 3 potions of haste
 E - 3 potions of brilliance
Miscellaneous
 W - a lightning rod (4/4)
Comestibles
 d - 71 rations


   Skills:
 * Level 13.3 Fighting
 + Level 4.5 Armour
 + Level 5.2 Dodging
 - Level 15.0 Shields
 * Level 18.3 Unarmed Combat
 - Level 7.7 Invocations


You had 16 spell levels left.
You didn't know any spells.
Your spell library contained the following spells:

 Spells                   Type           Power        Failure   Level  Hunger
 Fireball                 Conj/Fire      #.........   100%        5    ######.
 Apportation              Tloc           #.....       78%         1    ##.....
 Conjure Flame            Conj/Fire      #.......     98%         3    ####...
 Bolt of Cold             Conj/Ice       #.........   100%        6    #######
 Lightning Bolt           Conj/Air       #.........   100%        5    ######.
 Bolt of Magma            Conj/Fire/Erth #.........   100%        5    ######.
 Confuse                  Hex            #.......     98%         3    ####...
 Throw Flame              Conj/Fire      #.....       89%         2    ###....
 Freezing Cloud           Conj/Ice/Air   #.........   100%        6    #######
 Mephitic Cloud           Conj/Pois/Air  #.......     98%         3    ####...
 Ring of Flames           Chrm/Fire      #.........   100%        7    #######
 Venom Bolt               Conj/Pois      #.........   100%        5    ######.
 Summon Small Mammal      Summ           #...         78%         1    ##.....
 Animate Skeleton         Necr           N/A          78%         1    ##.....
 Ozocubu's Refrigeration  Ice            #.........   100%        6    #######
 Sticky Flame             Conj/Fire      #.......     100%        4    #####..
 Summon Ice Beast         Ice/Summ       #.......     100%        4    #####..
 Call Imp                 Summ           #.......     89%         2    ###....
 Regeneration             Chrm/Necr      #.........   98%         3    ####...
 Tukima's Dance           Hex            #.......     98%         3    ####...
 Iron Shot                Conj/Erth      #.........   100%        6    #######
 Shock                    Conj/Air       #...         78%         1    ##.....
 Swiftness                Chrm/Air       #.......     89%         2    ###....
 Ice Form                 Ice/Tmut       #.......     100%        4    #####..
 Airstrike                Air            #.........   100%        4    #####..
 Confusing Touch          Hex            #.....       78%         1    ##.....
 Flame Tongue             Conj/Fire      #....        78%         1    ##.....
 Passwall                 Tmut/Erth      #.......     89%         2    ###....
 Call Canine Familiar     Summ           #.......     98%         3    ####...
 Ensorcelled Hibernation  Hex/Ice        #.....       89%         2    ###....
 Metabolic Englaciation   Hex/Ice        #.........   100%        5    ######.
 Static Discharge         Conj/Air       #.......     98%         3    ####...
 Corona                   Hex            #......      78%         1    ##.....
 Sandblast                Erth           #.....       78%         1    ##.....
 Simulacrum               Ice/Necr       #.........   100%        6    #######
 Petrify                  Tmut/Erth      #.......     100%        4    #####..
 Orb of Destruction       Conj           #.........   100%        7    #######
 Shroud of Golubria       Chrm/Tloc      #.........   89%         2    ###....
 Inner Flame              Hex/Fire       #.......     98%         3    ####...
 Iskenderun's Battlesphe  Conj/Chrm      #.......     100%        5    ######.
 Dazzling Spray           Conj/Hex       #.....       98%         3    ####...
 Infusion                 Chrm           #...         78%         1    ##.....
 Song of Slaying          Chrm           #.......     89%         2    ###....
 Spectral Weapon          Hex/Chrm       #.......     98%         3    ####...
 Summon Lightning Spire   Summ/Air       #.......     100%        4    #####..
 Summon Guardian Golem    Hex/Summ       #.......     98%         3    ####...
 Spellforged Servitor     Conj/Summ      #.........   100%        7    #######
 Gell's Gravitas          Tloc           #.........   98%         3    ####...
 Yara's Violent Unravell  Hex/Tmut       #.........   100%        5    ######.
 Poisonous Vapours        Pois/Air       #.....       89%         2    ###....
 Borgnjor's Vile Clutch   Necr/Erth      #.........   100%        5    ######.


Dungeon Overview and Level Annotations

Branches:
Dungeon (15/15)            Temple (1/1) D:7            Lair (6/6) D:10
  Swamp (4/4) Lair:4        Snake (4/4) Lair:2        Slime (0/5) Lair:5
    Orc (2/2) D:9             Elf (0/3) Orc:2        Vaults (0/5) D:13
 Depths (0/5) D:15

Altars:
Ashenzari
Cheibriados
Dithmenos
Elyvilon
Fedhas
Gozag
Hepliaklqana
Kikubaaqudgha
Makhleb
Nemelex Xobeh
Okawaru
Qazlal
Ru
Sif Muna
Trog
Uskayaw
Vehumet
Wu Jian
Xom
Yredelemnul
Zin
The Shining One

Shops:
D:6 !   D:10 %   D:15 =   Orc:2 (:!%(

Portals:
Pandemonium: Orc:2
Trove: D:12 (give +2 ice dragon scales)

Annotations:
D:5 2 transporters
D:13 1 runed door
Lair:5 exclusion: door
Lair:6 exclusion: 3 oklob plants
Snake:3 exclusion: 3 oklob plants


Innate Abilities, Weirdness & Mutations

You are too large for most types of armour.
You have claws for hands.
Your metabolism is lightning-fast.
You like to eat raw meat.
Your natural rate of healing is unusually fast.
You are covered in fur. (AC +1)
You have very tough skin. (AC +2)
You have large cloven feet.
You possess an exceptional clarity of mind.
You are resistant to electric shocks. (rElec)


Message History

You block the guardian serpent's attack.
The anaconda bites you but does no damage.
The anaconda constricts you.
The naga warrior hits you with a glaive!!
* * * LOW HITPOINT WARNING * * *
The naga barely misses you.
Blink to where?
Press: ? - help, Dir - move target cursor The anaconda's grasp on you weakens, but your attempt to escape fails.
As you read the scroll of blinking, it crumbles to dust.
You feel sick. You block the anaconda's attack. The anaconda constricts you.
The guardian serpent hits you but does no damage.
You block the naga's attack. The naga spits poison at you.
The splash of poison hits you! You resist.
The anaconda bites you but does no damage.
* * * LOW HITPOINT WARNING * * *
The anaconda constricts you. You block the naga warrior's attack.
The naga warrior hits you from afar with a halberd!!
You die...

....... .[.....
N...... .......
##....... .
#........
....###NN......
......S@SN.....
......NNN......
...............
.##............
##...........
#......##...
#.....## #..
.....## #.


You could see 3 naga warriors, a naga sharpshooter, an anaconda, a guardian
serpent and 3 nagas.

Vanquished Creatures
  Nikola (Snake:1)
  3 thorn hunters (Swamp:3)
  Louise (Swamp:3)
  An ettin (D:14)
  A fire dragon (Lair:6)
  Erolcha (D:8)
  A yaktaur captain (D:15)
  An ogre mage (D:15)
  4 hydras
  7 naga warriors
  The ghost of kroki the Cleaver, a journeyman DsFi of Qazlal (D:11)
  2 catoblepae
  Erica (D:11)
  15 alligators
  A ghost crab (Swamp:4)
  8 anacondas
  6 centaur warriors
  5 dancing weapons (D:13)
  7 death yaks
  8 two-headed ogres
  6 orc high priests
  2 shock serpents
  2 naga sharpshooters (Snake:3)
  A soul eater (Orc:2)
  4 spriggan druids
  2 unseen horrors
  2 torturous demonspawn
  A gelid demonspawn (Orc:1)
  4 naga ritualists
  2 shambling mangroves
  A lindwurm (Lair:6)
  6 swamp dragons
  A wolf spider zombie (D:13)
  3 mana vipers
  6 orc sorcerers (Orc:2)
  7 orc knights
  A manticore (D:13)
  8 salamanders
  A wolf spider (D:15)
  8 ugly things
  4 cyclopes
  A rust devil (Orc:2)
  22 elephants
  20 black mambas
  2 guardian serpents
  6 naga magi
  A gargoyle (D:11)
  6 torpor snails
  19 spiny frogs
  2 kobold demonologists
  A rime drake (Lair:6)
  7 komodo dragons
  A hellwing (Orc:2)
  A yaktaur (D:15)
  A troll (shapeshifter) (D:13)
  11 polar bears
  A queen bee (D:14)
  A red devil (Orc:2)
  9 trolls
  9 tyrant leeches
  18 hornets
  14 blink frogs
  3 raiju (Lair:6)
  6 dream sheep
  2 bog bodies
  17 slime creatures
  8 hippogriffs
  A vampire (D:14)
  4 shadows
  7 spriggans
  5 wyverns
  20 yaks
  3 basilisks
  2 hogs
  4 hungry ghosts
  22 vampire mosquitoes
  8 wargs
  The ghost of Stone the Chiller, an amateur OpIE (D:4)
  12 hell hounds (Lair:6)
  An acid dragon (D:15)
  26 nagas
  A soldier ant (shapeshifter) (D:15)
  19 swamp worms
  5 insubstantial wisps (Swamp:1)
  14 water moccasins
  13 swamp drakes
  13 porcupines
  27 orc warriors
  3 ice beasts
  4 sky beasts
  13 black bears
  3 eyes of draining
  A necrophage (D:8)
  A phantom (D:4)
  24 wolves
  13 ogres
  6 crocodiles
  15 centaurs
  Blork the orc (D:5)
  2 big kobolds
  13 bullfrogs
  An elf zombie (Ossuary)
  3 scorpions
  17 killer bees
  5 wights (D:13)
  6 howler monkeys
  4 crimson imps
  6 centaur zombies
  5 lava snakes (Snake:3)
  2 quasits
  2 bullfrog zombies
  3 centaur skeletons
  2 jellies
  Crazy Yiuf (D:6)
  20 orc priests
  7 hounds
  10 orc wizards
  2 bullfrog skeletons
  3 iguanas
  2 worker ants
  2 killer bee zombies
  3 big kobold zombies (Ossuary)
  2 hound zombies (Ossuary)
  3 mummies (Ossuary)
  A hound skeleton (D:7)
  15 adders
  3 gnolls (D:4)
  A river rat (D:10)
  2 shadow imps
  An ooze (D:2)
  5 adder zombies (Ossuary)
  4 adder skeletons
  6 worms
  2 dart slugs
  3 leopard geckos (D:7)
  77 orcs
  7 giant cockroaches
  3 gnoll zombies (Ossuary)
  14 goblins
  4 hobgoblins
  8 jackals
  8 quokkas
  3 ball pythons
  11 bats
  2 frilled lizards
  2 goblin zombies (Ossuary)
  2 hobgoblin zombies (Ossuary)
  A jackal skeleton (D:7)
  4 jackal zombies (Ossuary)
  20 kobolds
  4 kobold zombies (Ossuary)
  A leopard gecko skeleton (D:8)
  6 quokka zombies (Ossuary)
  6 rats
  A rat zombie (Ossuary)
  A briar patch (Swamp:4)
  A butterfly (Lair:6)
  3 fungi
986 creatures vanquished.

Vanquished Creatures (others)
  Kirke (D:14)
  5 hydras
  A spriggan druid (Swamp:3)
  A cyclops (Orc:2)
  A spiny frog (Lair:5)
  A komodo dragon (Lair:2)
  A polar bear (Lair:2)
  A hornet (Swamp:4)
  A spriggan (Swamp:4)
  A human (D:15)
  2 swamp worms
  A water moccasin (Lair:5)
  A swamp drake (Swamp:4)
  A bullfrog (Lair:2)
  A killer bee (D:14)
  2 orcs (D:15)
  3 briar patches (Swamp:3)
  A bush (Lair:1)
  3 fungi
  28 plants
  9 toadstools (Lair:5)
66 creatures vanquished.

Grand Total: 1052 creatures vanquished

Notes
Turn   | Place    | Note
-------+----------+-------------------------------------------
     0 | D:1      | Ezendos the Troll Fighter began the quest for the Orb.
     0 | D:1      | Reached XP level 1. HP: 22/22 MP: 0/0
    90 | D:1      | Reached XP level 2. HP: 28/29 MP: 1/1
   519 | D:2      | Reached XP level 3. HP: 35/36 MP: 2/2
   638 | D:2      | Found an iron altar of Okawaru.
   723 | D:2      | Reached XP level 4. HP: 35/44 MP: 3/3
   762 | D:2      | Reached skill level 3 in Unarmed Combat
  1294 | D:2      | Reached XP level 5. HP: 50/50 MP: 4/4
  1472 | D:3      | Noticed an orc warrior
  1606 | D:4      | Noticed an ogre
  1607 | D:4      | Noticed Stone's ghost (amateur OpIE)
  1737 | D:2      | Killed an ogre
  1927 | D:3      | Reached XP level 6. HP: 57/59 MP: 5/5
  2775 | D:4      | Reached skill level 5 in Shields
  2775 | D:4      | Reached skill level 4 in Unarmed Combat
  2926 | D:4      | Killed Stone's ghost
  2926 | D:4      | Reached XP level 7. HP: 35/66 MP: 6/6
  3708 | D:5      | Entered Level 5 of the Dungeon
  3724 | D:5      | Noticed Blork the orc
  3780 | D:5      | Killed Blork the orc
  3780 | D:5      | Reached skill level 5 in Unarmed Combat
  3958 | D:5      | Found a transporter.
  4003 | D:5      | Found a transporter.
  4423 | D:6      | Reached XP level 8. HP: 74/74 MP: 7/7
  4531 | D:6      | Found Xiurodopt's Distillery.
  4541 | D:6      | Bought a potion of degeneration for 14 gold pieces
  4541 | D:6      | Bought a potion of heal wounds for 70 gold pieces
  4571 | D:6      | Reached skill level 6 in Unarmed Combat
  4812 | D:6      | Found a runed door.
  4939 | D:6      | Noticed a hippogriff
  5100 | D:7      | Found a sand-covered staircase.
  5110 | Ossuary  | Entered an ossuary
  5368 | Ossuary  | Reached XP level 9. HP: 79/80 MP: 8/8
  5667 | D:6      | Noticed Crazy Yiuf
  5669 | D:6      | Killed Crazy Yiuf
  5983 | D:7      | Found a staircase to the Ecumenical Temple.
  6012 | Temple   | Entered the Ecumenical Temple
  6264 | Temple   | Became a worshipper of Elyvilon the Healer
  6367 | D:7      | Found a white marble altar of Elyvilon.
  6404 | D:7      | Found a snail-covered altar of Cheibriados.
  6695 | D:8      | Reached * piety under Elyvilon
  7012 | D:9      | Noticed a troll
  7105 | D:9      | Reached skill level 5 in Fighting
  7112 | D:9      | Noticed Erolcha
  7578 | D:9      | Found a staircase to the Orcish Mines.
  7587 | Orc:1    | Entered Level 1 of the Orcish Mines
  7672 | D:10     | Entered Level 10 of the Dungeon
  7704 | D:10     | Found a staircase to the Lair.
  7704 | D:10     | Noticed a death yak
  7705 | D:10     | Noticed a death yak
  7714 | D:10     | Upgraded the game from 0.22-a0-408-g0c774a7e83 to 0.22-a0-414-gacd343e8ff
  7861 | D:8      | Killed a troll
  7963 | D:8      | Killed Erolcha
  7963 | D:8      | Reached XP level 10. HP: 66/104 MP: 9/9
  8348 | D:10     | Noticed a death yak
  8391 | D:9      | Killed a death yak
  8391 | D:9      | Reached skill level 7 in Unarmed Combat
  8416 | D:10     | Killed a death yak
  8416 | D:10     | Reached skill level 8 in Unarmed Combat
  8463 | D:10     | Reached skill level 9 in Unarmed Combat
  8678 | D:10     | Reached ** piety under Elyvilon
  8823 | D:10     | Found Watweocao's Food Shoppe.
  9070 | D:10     | Reached skill level 10 in Unarmed Combat
  9126 | D:10     | Noticed a two-headed ogre
  9131 | D:10     | Killed a two-headed ogre
  9510 | D:11     | Noticed a cyclops
  9582 | D:10     | Reached XP level 11. HP: 103/111 MP: 10/10
  9588 | Lair:1   | Entered Level 1 of the Lair of Beasts
  9777 | Lair:1   | Reached *** piety under Elyvilon
  9864 | Lair:1   | Reached skill level 11 in Unarmed Combat
  9964 | Lair:1   | Noticed a five-headed hydra
  9996 | D:10     | Reached skill level 1 in Invocations
 10030 | D:11     | Noticed Erica
 10034 | D:11     | Noticed kroki's ghost (journeyman DsFi)
 10038 | D:11     | Killed Erica
 10056 | D:11     | Killed kroki's ghost
 10667 | D:12     | Found a portal to a secret trove of treasure.
 10794 | D:12     | Reached skill level 5 in Invocations
 10837 | D:12     | Reached **** piety under Elyvilon
 11374 | D:13     | Noticed a centaur warrior
 11442 | D:13     | Noticed a phantasmal warrior
 11640 | Lair:1   | Pacified a five-headed hydra
 11771 | Lair:1   | Noticed a five-headed hydra
 11773 | Lair:1   | Pacified a five-headed hydra
 12337 | Lair:2   | Reached ***** piety under Elyvilon
 12382 | Lair:2   | Noticed a seven-headed hydra
 12395 | Lair:2   | Pacified a seven-headed hydra
 12565 | Lair:2   | Reached XP level 12. HP: 92/122 MP: 15/15
 12677 | Lair:2   | Found a staircase to the Snake Pit.
 12686 | Lair:2   | Reached skill level 12 in Unarmed Combat
 13926 | Lair:4   | Noticed a death yak
 13945 | Lair:4   | Noticed a death yak
 13954 | Lair:3   | Killed a death yak
 13954 | Lair:3   | Reached skill level 13 in Unarmed Combat
 14002 | Lair:4   | Noticed a death yak
 14010 | Lair:3   | Killed a death yak
 14025 | Lair:4   | Killed a death yak
 14271 | Lair:4   | Found a staircase to the Swamp.
 14279 | Lair:4   | Noticed a death yak
 14292 | Lair:4   | Noticed a death yak
 14294 | Lair:4   | Noticed a death yak
 14295 | Lair:4   | Pacified a death yak
 14296 | Lair:4   | Noticed a death yak
 14296 | Lair:4   | Noticed a death yak
 14384 | Lair:4   | Pacified a death yak
 14390 | Lair:4   | Pacified a death yak
 14408 | Lair:3   | Killed a death yak
 14499 | Lair:4   | Reached skill level 14 in Unarmed Combat
 14702 | Lair:4   | Reached XP level 13. HP: 123/133 MP: 16/16
 14781 | Lair:4   | Reached skill level 10 in Fighting
 15438 | Lair:5   | You fall through a shaft!
 15438 | Lair:6   | Entered Level 6 of the Lair of Beasts
 15906 | Lair:5   | Reached skill level 15 in Unarmed Combat
 16078 | Lair:5   | Found a staircase to the Slime Pits.
 16389 | Lair:5   | Found a runed door.
 17349 | Lair:6   | Found a runed door.
 17388 | Lair:6   | Upgraded the game from 0.22-a0-480-g991dd4b2b4 to 0.22-a0-570-g58866f5d57
 17924 | Lair:6   | Reached XP level 14. HP: 131/144 MP: 18/18
 17934 | Lair:6   | Reached skill level 16 in Unarmed Combat
 18516 | Lair:6   | Got a transparent large shield
 18536 | Lair:6   | Identified the +6 large shield of Crawling {+Fly rPois rCorr Int-4} (You found it on level 6 of the Lair of Beasts)
 20048 | D:13     | Reached skill level 10 in Shields
 20112 | D:13     | Gained mutation: You are resistant to electric shocks. (rElec) [potion of mutation]
 20112 | D:13     | Gained mutation: You have large cloven feet. [potion of mutation]
 20112 | D:13     | Gained mutation: You possess an exceptional clarity of mind. [potion of mutation]
 20332 | D:13     | Found a white marble altar of Elyvilon.
 20332 | D:13     | Noticed a daeva
 20334 | D:13     | Found a runed door.
 21066 | D:13     | Found a gate to the Vaults.
 21290 | D:14     | Found a large runed door.
 21290 | D:14     | Found a large runed door.
 22136 | D:14     | Reached XP level 15. HP: 154/154 MP: 19/19
 22803 | D:15     | Entered Level 15 of the Dungeon
 22803 | D:15     | Reached ****** piety under Elyvilon
 22809 | D:15     | Got a pitted shield
 22822 | D:15     | Identified the +4 shield "Ekhid" {rPois} (You found it on level 15 of the Dungeon)
 22838 | D:15     | Found Cerr's Jewellery Shoppe.
 22918 | D:15     | Bought a +5 amulet of reflection for 700 gold pieces
 23031 | D:15     | Noticed Kirke
 23094 | D:14     | Killed Kirke
 23866 | D:15     | Found a staircase to the Depths.
 24919 | Orc:2    | Entered Level 2 of the Orcish Mines
 24927 | Orc:2    | Found a staircase to the Elven Halls.
 25221 | Orc:2    | Found Qeuphis's Weapon Shoppe.
 25860 | Orc:2    | Found Gaow's Food Emporium.
 25928 | Orc:2    | Found Zoawnat's Distillery.
 26041 | Orc:2    | Paralysed by an orc sorcerer for 4 turns
 26372 | Orc:2    | Bought 2 potions of curing for 60 gold pieces
 26372 | Orc:2    | Bought a potion of haste for 100 gold pieces
 26444 | Orc:2    | Found Sika's Book Boutique.
 26444 | Orc:2    | Found a one-way gate leading to the halls of Pandemonium.
 26444 | Orc:2    | Found Temun's Antique Weapon Shop.
 26763 | Swamp:1  | Entered Level 1 of the Swamp
 27086 | Swamp:1  | Reached XP level 16. HP: 139/163 MP: 20/20
 27922 | Swamp:2  | Reached skill level 15 in Shields
 28407 | Swamp:3  | Reached skill level 17 in Unarmed Combat
 28553 | Swamp:3  | Noticed Louise
 28618 | Swamp:3  | Killed Louise
 28618 | Swamp:3  | Reached skill level 1 in Armour
 28696 | Swamp:3  | Noticed a thorn hunter
 29132 | Swamp:3  | Killed a thorn hunter
 29404 | Swamp:4  | Entered Level 4 of the Swamp
 29808 | Swamp:4  | Noticed a thorn hunter
 29814 | Swamp:4  | Noticed a thorn hunter
 29833 | Swamp:3  | Killed a thorn hunter
 29942 | Swamp:3  | Killed a thorn hunter
 30454 | Swamp:4  | Identified the Disquisition on the Rocks and the Traveller
 30458 | Swamp:4  | Got a decaying rune of Zot
 30618 | Snake:1  | Entered Level 1 of the Snake Pit
 30621 | Snake:1  | Reached XP level 17. HP: 175/175 MP: 21/21
 30642 | Snake:1  | Noticed Nikola
 30664 | Snake:1  | Killed Nikola
 31997 | Snake:3  | Reached skill level 18 in Unarmed Combat
 32279 | Snake:3  | Reached skill level 5 in Dodging
 32926 | Snake:4  | Entered Level 4 of the Snake Pit
 33122 | Snake:4  | Slain by a naga warrior

Vault maps used:
D:1:      minmay_arrival_diagonal_passages
D:2:      first_ration, okawaru_metal_pillars_3
D:3:      minmay_unequal
D:4:      portal_sewer_entry_d, minmay_misc_feat_cross
D:5:      gammafunk_wand_slinger, uniq_blork_the_orc
D:6:      serial_shops, nicolae_shop_stone, serial_park_tiny_1, minivault_27,
          uniq_crazy_yiuf_cottage
D:7:      kennysheep_mini_moat, minmay_temple_entry_enclosed_plants,
          enter_ossuary_1, basic_altar, kennysheep_generic_room_8
D:9:      orc_0_dummy, uniq_erolcha
D:10:     dpeg_lair_monsters, enter_bailey_2, serial_shops, shop
D:11:     portal_ice_cave_entry_pillars_2, uniq_erica
D:12:     enter_trove_1
D:13:     david_vaults_4, lemuel_angel_altar
D:14:     doesnt_quadruple_sword, david_nohive_1, minmay_three_doors
D:15:     grunt_enter_depths_snipers, grunt_decor_one_mirror, serial_shops,
          nicolae_shop_window_shopping, serial_bayou_pond_c, uniq_kirke
Temple:   nicolae_temple_the_god_donut
Lair:1:   grunt_megastairs_2
Lair:2:   guppyfry_snake_entry_garden, guppyfry_lair_drakes,
          infiniplex_staircase_pool
Lair:4:   swamp_mist_pool, beast_lair_carwin_3
Lair:5:   gammafunk_lair_enchanted_lake, slime_dummy, nzn_random_ring,
          lemuel_fruit_fields
Lair:6:   wormcave, hangedman_lair_caniforms_friends, grunt_megastairs_5,
          lemuel_fruit_fields, minmay_lair_oklob_chamber
Swamp:1:  nicolae_swamp_dense_foliage
Swamp:2:  infiniplex_staircase_pool_2
Swamp:3:  nicolae_swamp_very_dense_foliage, swamp_pool4, uniq_louise
Swamp:4:  swamp
Snake:1:  grunt_ministairs_9, serial_bayou_pond_c, st_stairs_6, uniq_nikola
Snake:2:  spider_trap
Snake:3:  dpeg_oklob_gauntlet, nicolae_snake_lava_pool, grunt_megastairs_1
Snake:4:  grunt_snake_rune_serpentine_throne, basic_altar
Orc:2:    pf_orc_diabolical, serial_shops, shop_fountains
Ossuary:  minmay_ossuary_two_tombs

Skill      XL: |  1  2  3  4  5  6  7  8  9 10 11 12 13 14 15 16 17 |
---------------+----------------------------------------------------+-----
Shields        | 3 4 5 7 8 9 11 14 15 | 15.0
Unarmed Combat | 3 4 5 6 10 11 14 15 16 17 18 | 18.3
Fighting       | 7 8 9 10 11 12 13 | 13.3
Invocations    | 6 7 |  7.7
Armour         | 3 4 |  4.5
Dodging        | 4 5 |  5.2

Action                   |  1- 3 |  4- 6 |  7- 9 | 10-12 | 13-15 | 16-18 || total
-------------------------+-------+-------+-------+-------+-------+-------++-------
Melee: Unarmed           |   110 |   159 |   500 |   539 |  1529 |   812 ||  3649
       Kick              |       |       |       |       |   234 |   259 ||   493
Invok: Heal Other        |       |       |       |    14 |    17 |    23 ||    54
       Greater Healing   |       |       |       |       |     1 |       ||     1
  Use: Scroll            |     4 |     1 |    10 |     2 |    20 |     1 ||    38
       Potion            |       |       |       |       |     2 |       ||     2
 Stab: Confused          |       |       |       |       |       |     2 ||     2
  Eat: Chunk             |    12 |    20 |    46 |    70 |   121 |    66 ||   335
Armor: Robe              |    37 |    50 |   107 |       |       |       ||   194
       Troll leather arm |       |       |     3 |   115 |   110 |       ||   228
       Fire dragon scale |       |       |       |       |   109 |   107 ||   216
Dodge: Dodged            |    32 |    45 |   120 |   165 |   319 |   115 ||   796
Block: Shield            |    55 |    62 |   257 |   237 |   331 |       ||   942
       Large shield      |       |       |       |       |   886 |   991 ||  1877
       Reflection        |       |       |       |       |    14 |    74 ||    88
       Other             |       |       |       |       |     2 |       ||     2

Table legend:
 A = Spawn XP
 B = Non-spawn XP
 C = Spawn XP percentage of total XP
 D = Spawn monster count
 E = Non-spawn monster count
 F = Spawn count percentage of total count
 G = Total turns spent on level
                    A         B        C        D         E        F      G
               +---------+---------+-------+---------+---------+-------+---------
         Total |       0 |  247464 |   0.0 |       0 |     985 |   0.0 | 33122
               +---------+---------+-------+---------+---------+-------+---------
           D:1 |       0 |      35 |   0.0 |       0 |      23 |   0.0 |   469
           D:2 |       0 |     241 |   0.0 |       0 |      22 |   0.0 |   958
           D:3 |       0 |     122 |   0.0 |       0 |      25 |   0.0 |  1274
           D:4 |       0 |     555 |   0.0 |       0 |      17 |   0.0 |  1059
           D:5 |       0 |     363 |   0.0 |       0 |       8 |   0.0 |   583
           D:6 |       0 |    1061 |   0.0 |       0 |      19 |   0.0 |  1075
           D:7 |       0 |     689 |   0.0 |       0 |      21 |   0.0 |   682
           D:8 |       0 |    2105 |   0.0 |       0 |      24 |   0.0 |   843
           D:9 |       0 |    1959 |   0.0 |       0 |      24 |   0.0 |  1006
          D:10 |       0 |    3667 |   0.0 |       0 |      34 |   0.0 |  1656
          D:11 |       0 |    4209 |   0.0 |       0 |      13 |   0.0 |   863
          D:12 |       0 |    1539 |   0.0 |       0 |      16 |   0.0 |   889
          D:13 |       0 |   13223 |   0.0 |       0 |      36 |   0.0 |  1488
          D:14 |       0 |   17214 |   0.0 |       0 |      56 |   0.0 |  1559
          D:15 |       0 |   12062 |   0.0 |       0 |      26 |   0.0 |  1159
        Lair:1 |       0 |    2359 |   0.0 |       0 |      12 |   0.0 |   962
        Lair:2 |       0 |    3591 |   0.0 |       0 |      16 |   0.0 |   827
        Lair:3 |       0 |    7308 |   0.0 |       0 |      19 |   0.0 |  1219
        Lair:4 |       0 |    8641 |   0.0 |       0 |      27 |   0.0 |  1376
        Lair:5 |       0 |   10821 |   0.0 |       0 |      39 |   0.0 |  1863
        Lair:6 |       0 |   26884 |   0.0 |       0 |     103 |   0.0 |  2150
       Swamp:1 |       0 |    5697 |   0.0 |       0 |      20 |   0.0 |   819
       Swamp:2 |       0 |   15668 |   0.0 |       0 |      50 |   0.0 |   928
       Swamp:3 |       0 |   22778 |   0.0 |       0 |      38 |   0.0 |  1160
       Swamp:4 |       0 |   16302 |   0.0 |       0 |      40 |   0.0 |   876
       Snake:1 |       0 |   14738 |   0.0 |       0 |      25 |   0.0 |   776
       Snake:2 |       0 |    3457 |   0.0 |       0 |       9 |   0.0 |   499
       Snake:3 |       0 |   23094 |   0.0 |       0 |      56 |   0.0 |  1065
       Snake:4 |       0 |    4335 |   0.0 |       0 |       6 |   0.0 |   164
         Orc:1 |       0 |    4538 |   0.0 |       0 |      26 |   0.0 |   798
         Orc:2 |       0 |   17809 |   0.0 |       0 |      97 |   0.0 |  1531
       Ossuary |       0 |     400 |   0.0 |       0 |      38 |   0.0 |   280
               +---------+---------+-------+---------+---------+-------+---------
